| TOP OF THE 1ST |
|
Miami (APP) Marlins batting - Pitching for Billings Mustangs : LHP Jason St. Clair
|
|
Pitching: LHP Jason St. Clair
|
|
|
Batting: RHB Akira Suzuki
|
0-0: Ball 1-0: Ball 2-0: Foul Ball, location: 2F 2-1: Foul Ball, location: 2F 2-2: Foul Ball, location: 2F 2-2: Hit by Pitch
|
|
Batting: RHB Boof Howell
|
0-0: Called Strike 0-1: DOUBLE (Flyball, 89D, EV 101.2 MPH) Akira Suzuki to third Runner from 3rd tries for Home, throw by RF and OUT! 9-4-2
|
|
Batting: LHB David Doge
|
0-0: Called Strike 0-1: SINGLE (Line Drive, 9S, EV 105.6 MPH) Boof Howell to third Runner from 3rd tries for Home, SAFE, throw by RF to home
|
|
Batting: RHB Torquato Obawole
|
0-0: Ball 1-0: Foul Ball, location: 2F 1-1: Called Strike David Doge is caught stealing 2nd base 2-4 1-2: SINGLE (Groundball, 4MD, EV 101.9 MPH)
|
|
Batting: LHB Jeff Tavella
|
0-0: Foul Ball, location: 2F 0-1: Ball 1-1: Ball 2-1: Called Strike 2-2: SINGLE (Groundball, 34D, EV 110.0 MPH) Torquato Obawole to second Runner from 2nd tries for 3rd, SAFE, throw by RF made to third
|
|
Batting: RHB Chris Alft
|
0-0: Called Strike 0-1: Ball 1-1: Foul Ball, location: 2F 1-2: Strikes out looking
|
| Top of the 1st over - 1 run, 4 hits, 0 errors, 2 left on base; Miami (APP) 1 - Billings 0 |
| BOTTOM OF THE 1ST |
|
Billings Mustangs batting - Pitching for Miami (APP) Marlins : RHP Pat Proctor
|
|
Pitching: RHP Pat Proctor
|
|
|
Batting: RHB Jake Savell
|
0-0: Foul Ball, location: 2F 0-1: Ball 1-1: Foul Ball, location: 2F 1-2: Strikes out swinging
|
|
Batting: LHB Matt Kennedy
|
0-0: Called Strike 0-1: Called Strike 0-2: Strikes out looking
|
|
Batting: LHB Brian Dickeson
|
0-0: Foul Ball, location: 2F 0-1: Foul Ball, location: 2F 0-2: Ball 1-2: Foul Ball, location: 2F 1-2: Foul Ball, location: 2F 1-2: Foul Ball, location: 2F 1-2: Strikes out swinging
|
| Bottom of the 1st over - 0 runs, 0 hits, 0 errors, 0 left on base; Miami (APP) 1 - Billings 0 |
| TOP OF THE 2ND |
|
Miami (APP) Marlins batting - Pitching for Billings Mustangs : LHP Jason St. Clair
|
|
Batting: RHB Robbie Gomez
|
0-0: Ball 1-0: Called Strike 1-1: Called Strike 1-2: Strikes out swinging
|
|
Batting: RHB Rick English
|
0-0: Foul Ball, location: 2F 0-1: Ball 1-1: Ball 2-1: Foul Ball, location: 2F 2-2: Strikes out swinging
|
|
Batting: SHB Greg Rivera
|
0-0: Foul Ball, location: 2F 0-1: Ball 1-1: Called Strike 1-2: Strikes out swinging
|
| Top of the 2nd over - 0 runs, 0 hits, 0 errors, 0 left on base; Miami (APP) 1 - Billings 0 |
| BOTTOM OF THE 2ND |
|
Billings Mustangs batting - Pitching for Miami (APP) Marlins : RHP Pat Proctor
|
|
Batting: SHB David Garnica
|
0-0: Foul Ball, location: 2F 0-1: Ball 1-1: Ball 2-1: SOLO HOME RUN (Flyball, 9D, EV 96.9 MPH), Distance : 377 ft
|
|
Batting: LHB Jeremy Robertson
|
0-0: Foul Ball, location: 2F 0-1: Ground out 3-1 (Groundball, 34, EV 86.9 MPH)
|
|
Batting: RHB Andy Bachman
|
0-0: Foul Ball, location: 2F 0-1: Ground out 6-3 (Groundball, 6S, EV 81.9 MPH)
|
|
Batting: RHB Sang-ton Pak
|
0-0: Ball 1-0: Foul Ball, location: 2F 1-1: Called Strike 1-2: Ball 2-2: DOUBLE (Groundball, 3L, EV 109.4 MPH)
|
|
Batting: SHB Gustavo Froio
|
0-0: Ball 1-0: Ball 2-0: Ground out 6-3 (Groundball, 6M, EV 81.9 MPH)
|
| Bottom of the 2nd over - 1 run, 2 hits, 0 errors, 1 left on base; Miami (APP) 1 - Billings 1 |
| TOP OF THE 3RD |
|
Miami (APP) Marlins batting - Pitching for Billings Mustangs : LHP Jason St. Clair
|
|
Batting: RHB Akira Suzuki
|
0-0: Ball 1-0: SINGLE (Groundball, 6MD, EV 96.2 MPH)
|
|
Batting: RHB Boof Howell
|
0-0: Ball 1-0: Called Strike 1-1: Swinging Strike 1-2: Ball 2-2: Ball 3-2: Foul Ball, location: 2F 3-2: DOUBLE (Line Drive, 78D, EV 103.1 MPH) Akira Suzuki to third
|
|
Batting: LHB David Doge
|
0-0: Called Strike 0-1: Ball 1-1: Foul Ball, location: 2F 1-2: Foul Ball, location: 2F 1-2: 3-RUN HOME RUN (Flyball, 8LXD, EV 110.0 MPH), Distance : 432 ft
|
|
Batting: RHB Torquato Obawole
|
0-0: SINGLE (Groundball, P, EV 88.1 MPH) (infield hit)
|
|
Batting: LHB Jeff Tavella
|
0-0: Ball Torquato Obawole steals 2nd base 1-0: Swinging Strike 1-1: SINGLE (Groundball, 6S, EV 70.6 MPH) (infield hit) Torquato Obawole to third
|
|
Batting: RHB Chris Alft
|
0-0: Fly out, F3 (Popup, 3F, EV 58.8 MPH)
|
|
Batting: RHB Robbie Gomez
|
0-0: Ball 1-0: Swinging Strike 1-1: Foul Ball, location: 2F 1-2: Strikes out swinging
|
|
Batting: RHB Rick English
|
0-0: Called Strike 0-1: Swinging Strike 0-2: Ball 1-2: Ball 2-2: Foul Ball, location: 2F 2-2: Strikes out swinging
|
| Top of the 3rd over - 3 runs, 5 hits, 0 errors, 2 left on base; Miami (APP) 4 - Billings 1 |
| BOTTOM OF THE 3RD |
|
Billings Mustangs batting - Pitching for Miami (APP) Marlins : RHP Pat Proctor
|
|
Batting: RHB Yutaka Sato
|
0-0: Foul Ball, location: 2F 0-1: Ball 1-1: Ball 2-1: Foul Ball, location: 2F 2-2: Ball 3-2: Foul Ball, location: 2F 3-2: Ground out 3-1 (Groundball, 34, EV 85.0 MPH)
|
|
Batting: RHB Jake Savell
|
0-0: Swinging Strike 0-1: Ball 1-1: Foul Ball, location: 2F 1-2: Ball 2-2: Foul Ball, location: 2F 2-2: Strikes out swinging
|
|
Batting: LHB Matt Kennedy
|
0-0: Swinging Strike 0-1: Swinging Strike 0-2: Ball 1-2: Foul Ball, location: 2F 1-2: Ball 2-2: Ball 3-2: Base on Balls
|
|
Batting: LHB Brian Dickeson
|
0-0: Foul Ball, location: 2F 0-1: Ball 1-1: Fielders Choice at 2nd, 5-4 (Groundball, 5, EV 84.4 MPH)
|
| Bottom of the 3rd over - 0 runs, 0 hits, 0 errors, 1 left on base; Miami (APP) 4 - Billings 1 |
| TOP OF THE 4TH |
|
Miami (APP) Marlins batting - Pitching for Billings Mustangs : LHP Jason St. Clair
|
|
Batting: SHB Greg Rivera
|
0-0: Ball 1-0: Foul Ball, location: 2F 1-1: Foul Ball, location: 2F 1-2: Foul Ball, location: 2F 1-2: Fly out, F7 (Flyball, 78D, EV 98.8 MPH)
|
|
Batting: RHB Akira Suzuki
|
0-0: Ball 1-0: Ball 2-0: Ball 3-0: Called Strike 3-1: Base on Balls
|
|
Batting: RHB Boof Howell
|
0-0: Called Strike 0-1: Ball 1-1: Foul Ball, location: 2F 1-2: Ball 2-2: DOUBLE (Line Drive, 78D, EV 104.4 MPH) Akira Suzuki to third Runner from 3rd tries for Home, SAFE, throw by CF to home
|
|
Pitching: RHP Joe Green
|
|
|
Batting: LHB David Doge
|
0-0: Foul Ball, location: 2F 0-1: Ground out 4-3 (Groundball, 4, EV 78.8 MPH) Boof Howell to third
|
|
Batting: RHB Torquato Obawole
|
0-0: Fly out, F8 (Flyball, 8LS, EV 86.2 MPH)
|
| Top of the 4th over - 1 run, 1 hit, 0 errors, 1 left on base; Miami (APP) 5 - Billings 1 |
| BOTTOM OF THE 4TH |
|
Billings Mustangs batting - Pitching for Miami (APP) Marlins : RHP Pat Proctor
|
|
Batting: SHB David Garnica
|
0-0: Ball 1-0: Ball 2-0: Called Strike 2-1: Foul Ball, location: 2F 2-2: Ball 3-2: Fly out, F9 (Flyball, 9, EV 96.2 MPH)
|
|
Batting: LHB Jeremy Robertson
|
0-0: Ball 1-0: Foul Ball, location: 2F 1-1: Called Strike 1-2: Ball 2-2: Strikes out swinging
|
|
Batting: RHB Andy Bachman
|
0-0: Ball 1-0: Fly out, F4 (Popup, 4MD, EV 71.2 MPH)
|
| Bottom of the 4th over - 0 runs, 0 hits, 0 errors, 0 left on base; Miami (APP) 5 - Billings 1 |
| TOP OF THE 5TH |
|
Miami (APP) Marlins batting - Pitching for Billings Mustangs : RHP Joe Green
|
|
Batting: LHB Jeff Tavella
|
0-0: Foul Ball, location: 2F 0-1: Swinging Strike 0-2: Ground out 6-3 (Groundball, P, EV 78.1 MPH)
|
|
Batting: RHB Chris Alft
|
0-0: Called Strike 0-1: Foul Ball, location: 2F 0-2: Foul Ball, location: 2F 0-2: Ball 1-2: Ball 2-2: SINGLE (Groundball, 5S, EV 75.0 MPH) (infield hit)
|
|
Batting: RHB Robbie Gomez
|
0-0: Called Strike 0-1: Called Strike 0-2: Strikes out swinging
|
|
Batting: RHB Rick English
|
0-0: Ball 1-0: Called Strike 1-1: Foul Ball, location: 2F 1-2: Strikes out swinging
|
| Top of the 5th over - 0 runs, 1 hit, 0 errors, 1 left on base; Miami (APP) 5 - Billings 1 |
| BOTTOM OF THE 5TH |
|
Billings Mustangs batting - Pitching for Miami (APP) Marlins : RHP Pat Proctor
|
|
Batting: RHB Sang-ton Pak
|
0-0: Swinging Strike 0-1: Fly out, F7 (Line Drive, 78D, EV 91.9 MPH)
|
|
Batting: SHB Gustavo Froio
|
0-0: Called Strike 0-1: Ball 1-1: Ball 2-1: Foul Ball, location: 2F 2-2: Strikes out swinging
|
|
Batting: RHB Yutaka Sato
|
0-0: Called Strike 0-1: Ball 1-1: Swinging Strike 1-2: Foul Ball, location: 2F 1-2: Ball 2-2: SINGLE (Line Drive, 7S, EV 106.9 MPH)
|
|
Batting: RHB Jake Savell
|
0-0: SINGLE (Line Drive, 8RS, EV 95.0 MPH) Yutaka Sato to second Runner from 2nd tries for 3rd, OUT after rundown.
|
| Bottom of the 5th over - 0 runs, 2 hits, 0 errors, 1 left on base; Miami (APP) 5 - Billings 1 |
| TOP OF THE 6TH |
|
Miami (APP) Marlins batting - Pitching for Billings Mustangs : RHP Joe Green
|
|
Batting: SHB Greg Rivera
|
0-0: Called Strike 0-1: Foul Ball, location: 2F 0-2: Ball 1-2: Foul Ball, location: 2F 1-2: Fly out, F8 (Flyball, 8RM, EV 76.2 MPH)
|
|
Batting: RHB Akira Suzuki
|
0-0: Ball 1-0: Ball 2-0: Called Strike 2-1: Ball 3-1: Ground out 6-3 (Groundball, 56, EV 87.5 MPH)
|
|
Batting: RHB Boof Howell
|
0-0: SINGLE (Line Drive, 7S, EV 93.1 MPH)
|
|
Batting: LHB David Doge
|
0-0: Ball Boof Howell is caught stealing 2nd base 2-6
|
| Top of the 6th over - 0 runs, 1 hit, 0 errors, 0 left on base; Miami (APP) 5 - Billings 1 |
| BOTTOM OF THE 6TH |
|
Billings Mustangs batting - Pitching for Miami (APP) Marlins : RHP Pat Proctor
|
|
Batting: LHB Matt Kennedy
|
0-0: Ball 1-0: Called Strike 1-1: Ball 2-1: Foul Ball, location: 2F 2-2: SINGLE (Groundball, 34D, EV 94.4 MPH)
|
|
Batting: LHB Brian Dickeson
|
0-0: Ball 1-0: Foul Ball, location: 2F 1-1: Called Strike Matt Kennedy is caught stealing 2nd base 2-6 1-2: Strikes out swinging
|
|
Batting: SHB David Garnica
|
0-0: Called Strike 0-1: Foul Ball, location: 2F 0-2: Strikes out looking
|
| Bottom of the 6th over - 0 runs, 1 hit, 0 errors, 0 left on base; Miami (APP) 5 - Billings 1 |
| TOP OF THE 7TH |
|
Miami (APP) Marlins batting - Pitching for Billings Mustangs : RHP Joe Green
|
|
Batting: LHB David Doge
|
0-0: Ball 1-0: Called Strike 1-1: Ball 2-1: Fly out, F7 (Flyball, 7D, EV 100.6 MPH)
|
|
Batting: RHB Torquato Obawole
|
0-0: Ball 1-0: Foul Ball, location: 2F 1-1: Ball 2-1: Ground out 4-3 (Groundball, 4, EV 85.6 MPH)
|
|
Batting: LHB Jeff Tavella
|
0-0: Ball 1-0: Swinging Strike 1-1: SINGLE (Groundball, 5S, EV 63.8 MPH) (infield hit)
|
|
Batting: RHB Chris Alft
|
0-0: Swinging Strike 0-1: Called Strike 0-2: Strikes out swinging
|
| Top of the 7th over - 0 runs, 1 hit, 0 errors, 1 left on base; Miami (APP) 5 - Billings 1 |
| BOTTOM OF THE 7TH |
|
Billings Mustangs batting - Pitching for Miami (APP) Marlins : RHP Pat Proctor
|
|
Batting: LHB Jeremy Robertson
|
0-0: Swinging Strike 0-1: Ball 1-1: Swinging Strike 1-2: Ball 2-2: Ball 3-2: Base on Balls
|
|
Pitching: LHP Brian Worthy
|
|
|
Batting: RHB Andy Bachman
|
0-0: Ball 1-0: Ball 2-0: Called Strike 2-1: Ball 3-1: Base on Balls Jeremy Robertson to second
|
|
Batting: RHB Sang-ton Pak
|
0-0: Called Strike 0-1: Foul Ball, location: 2F 0-2: Grounds into double play, 5-4-3 (Groundball, 56, EV 92.5 MPH) Jeremy Robertson to third
|
|
Pinch Hitting: RHB Chris Christaldi
|
0-0: Ball 1-0: Ground out 1-3 (Groundball, 13, EV 69.4 MPH)
|
| Bottom of the 7th over - 0 runs, 0 hits, 0 errors, 1 left on base; Miami (APP) 5 - Billings 1 |
| TOP OF THE 8TH |
|
Miami (APP) Marlins batting - Pitching for Billings Mustangs : RHP Joe Green
|
|
Now at 3B: Al Blanchard
|
|
|
Batting: RHB Robbie Gomez
|
0-0: Ball 1-0: Foul Ball, location: 2F 1-1: Foul Ball, location: 2F 1-2: Strikes out swinging wild pitch, reaches first!
|
|
Batting: RHB Rick English
|
0-0: Grounds into double play, 6-4-3 (Groundball, 6, EV 98.8 MPH)
|
|
Batting: SHB Greg Rivera
|
0-0: Ball 1-0: Ground out U3 (Groundball, 23, EV 81.2 MPH)
|
| Top of the 8th over - 0 runs, 0 hits, 0 errors, 0 left on base; Miami (APP) 5 - Billings 1 |
| BOTTOM OF THE 8TH |
|
Billings Mustangs batting - Pitching for Miami (APP) Marlins : LHP Brian Worthy
|
|
Batting: RHB Yutaka Sato
|
0-0: Foul Ball, location: 2F 0-1: Ball 1-1: Ground out 6-3 (Groundball, 56, EV 83.1 MPH)
|
|
Batting: RHB Jake Savell
|
0-0: Foul Ball, location: 2F 0-1: Foul Ball, location: 2F 0-2: DOUBLE (Line Drive, 7LM, EV 108.1 MPH)
|
|
Batting: LHB Matt Kennedy
|
0-0: Called Strike 0-1: Swinging Strike 0-2: Strikes out swinging
|
|
Batting: LHB Brian Dickeson
|
0-0: Foul Ball, location: 2F 0-1: Swinging Strike 0-2: Foul Ball, location: 2F 0-2: Ground out 4-3 (Groundball, 4, EV 83.1 MPH)
|
| Bottom of the 8th over - 0 runs, 1 hit, 0 errors, 1 left on base; Miami (APP) 5 - Billings 1 |
| TOP OF THE 9TH |
|
Miami (APP) Marlins batting - Pitching for Billings Mustangs : RHP Joe Green
|
|
Batting: RHB Akira Suzuki
|
0-0: Ball 1-0: Swinging Strike 1-1: Foul Ball, location: 2F 1-2: Foul Ball, location: 2F 1-2: Ball 2-2: Ball 3-2: SOLO HOME RUN (Flyball, 78XD, EV 101.9 MPH), Distance : 397 ft
|
|
Batting: RHB Boof Howell
|
0-0: Ball 1-0: Foul Ball, location: 2F 1-1: Foul Ball, location: 2F 1-2: Foul Ball, location: 2F 1-2: Ball 2-2: Foul Ball, location: 2F 2-2: Foul Ball, location: 2F 2-2: Foul Ball, location: 2F 2-2: Foul Ball, location: 2F 2-2: Foul Ball, location: 2F 2-2: Foul Ball, location: 2F 2-2: Foul Ball, location: 2F 2-2: Ball 3-2: Ground out 6-3 (Groundball, 4M, EV 95.0 MPH)
|
|
Pitching: RHP Larry McPhee
|
|
|
Batting: LHB David Doge
|
0-0: Swinging Strike 0-1: Swinging Strike 0-2: Ball 1-2: Strikes out swinging
|
|
Batting: RHB Torquato Obawole
|
0-0: Called Strike 0-1: Called Strike 0-2: Ball 1-2: Ball 2-2: DOUBLE (Line Drive, 7LS, EV 108.8 MPH)
|
|
Batting: LHB Jeff Tavella
|
0-0: Ball 1-0: Fly out, F8 (Flyball, 8LXD, EV 95.6 MPH)
|
| Top of the 9th over - 1 run, 2 hits, 0 errors, 1 left on base; Miami (APP) 6 - Billings 1 |
| BOTTOM OF THE 9TH |
|
Billings Mustangs batting - Pitching for Miami (APP) Marlins : LHP Brian Worthy
|
|
Batting: SHB David Garnica
|
0-0: Called Strike 0-1: Ball 1-1: Called Strike 1-2: Foul Ball, location: 2F 1-2: Strikes out swinging
|
|
Batting: LHB Jeremy Robertson
|
0-0: Foul Ball, location: 2F 0-1: Foul Ball, location: 2F 0-2: SINGLE (Flyball, 78S, EV 95.0 MPH) - OUT at second base trying to stretch hit.
|
|
Batting: RHB Andy Bachman
|
0-0: Ball 1-0: Ground out 6-3 (Groundball, 6S, EV 67.5 MPH)
|
| Bottom of the 9th over - 0 runs, 1 hit, 0 errors, 0 left on base; Miami (APP) 6 - Billings 1 |
|